Map: Prion Terraces

Players

IIIIIIIIIIII - Winner!

  • Race: Zerg Zerg

lesha

  • Race: Terran Terran

VOD

Have the link to the VOD?

Description

Time

  • Played on: Dec. 10, 2015, 9:23 a.m.
  • Length: 4:08
Show
View Real Time Build Order
Export as new Build Order

IIIIIIIIIIII Zerg - Winner!

Build Orders: Hatch First 

Get SALT Encoding   

  12  0:00  Drone  
  13  0:13  Overlord  
  13  0:17  Drone  
  14  0:31  Drone  
  14  0:32  Drone  
  14  0:35  Drone  
  17  0:51  Hatchery  
  17  0:55  Drone  
  17  1:00  Drone  
  18  1:13  Spawning Pool  
  18  1:16  Drone, Extractor  
  17  1:21  Drone  
  18  1:29  Drone  
  19  1:40  Overlord  
  19  1:54  Drone  
  20  2:01  Queen  
  20  2:02  Zergling x2  
  20  2:03  Zergling x2  
  20  2:04  Queen  
  26  2:13  Drone  
  27  2:17  Metabolic Boost  
  27  2:22  Drone  
  28  2:29  Drone x2  
  30  2:34  Overlord  
  30  2:37  Drone  
  30  2:42  Queen  
  33  2:49  Drone x2  
  35  2:58  Drone x2  
  37  3:02  Hatchery  
  36  3:12  Drone x4  
  40  3:13  Drone x2  
  42  3:20  Overlord  
  42  3:23  Drone x2  
  44  3:28  Roach Warren  
  44  3:32  Evolution Chamber  
  44  3:33  Extractor  
  44  3:34  Overlord  
  41  3:39  Drone  
  41  3:40  Drone x2  
  44  3:47  Drone  
  45  3:48  Extractor  
  45  3:54  Evolution Chamber, Drone  
  45  3:55  Drone x3  
Show
View Real Time Build Order
Export as new Build Order

lesha Terran 

Build Orders:  

Get SALT Encoding   

  12  0:01  SCV  
  13  0:13  SCV  
  14  0:19  Supply Depot  
  14  0:25  SCV  
  15  0:40  SCV  
  16  0:43  Barracks  
  16  0:52  SCV  
  17  0:58  Refinery  
  17  1:04  SCV  
  18  1:17  SCV  
  19  1:26  Command Center  
  19  1:36  Orbital Command  
  19  1:41  Marine  
  20  1:56  Refinery  
  20  1:59  Marine  
  21  2:03  SCV  
  23  2:22  SCV  
  23  2:24  Marine  
  23  2:36  Factory  
  23  2:38  SCV  
  24  2:49  Orbital Command  
  24  2:55  Supply Depot, SCV  
  24  2:58  Marine  
  26  3:07  SCV  
  23  3:35  Marine  
  23  3:40  SCV  
  24  3:46  Hellion  
  24  3:52  SCV  
Tags
 
Add a new tag
Caveats
  • Supply blocks, unpowered buildings, or Contaminate may cause inaccurate times.
  • Supply counts are checked every 10 seconds.